 Dungeon Crawl Stone Soup version 0.31-a0-1540-g5a0b83f448 (webtiles) character file.

Game seed: 2710937698832405842

2684 MisterAzrael the Mimic (level 9, 0/85 HPs)
             Began as a Troll Shapeshifter on Jan 2, 2024.
             Was an Initiate of Cheibriados.
             Slain by a killer bee (7 damage)
             ... on level 7 of the Dungeon.
             The game lasted 00:09:53 (4834 turns).

MisterAzrael the Mimic (Troll Shapeshifter)         Turns: 4834, Time: 00:09:54

Health: 0/85       AC:  4    Str: 29    XL:     9   Next: 37%
Magic:  8/8        EV: 11    Int:  7    God:    Cheibriados [......]
Gold:   364        SH:  0    Dex: 10    Spells: 8/8 levels left

rFire   . .          .
                       - Unarmed
rCold   . . .        (no shield)
rNeg    . . .        a - +0 animal skin
rPois   .            (helmet currently unavailable)
rElec   .            (cloak currently unavailable)
rCorr   .            (gloves unavailable)
SInv    .            (boots unavailable)
Will    .....        (no amulet)
Stlth   +            (no ring)
HPRegen 1.14/turn    (no ring)
MPRegen 0.11/turn

%: no passive effects
@: lethally poisoned (0 -> -2), beast-form, studying Ranged Weapons, very slow
A: beast (slay +4), large, unfitting armour, claws 3, regeneration 1, shaggy fur
1, tough skin 1
a: Begin Untransformation, Renounce Religion


You were on level 7 of the Dungeon.
You worshipped Cheibriados.
Cheibriados was noncommittal.
You were a hulking beast.
You visited 2 branches of the dungeon, and saw 8 of its levels.

You collected 364 gold pieces.

Inventory:

Hand Weapons
 b - a +0 giant spiked club
Missiles
 e - 5 silver javelins
 l - 13 boomerangs
 t - 5 darts of dispersal
 u - 13 poisoned darts (quivered)
Armour
 a - a +0 animal skin (worn)
 D - a scarf of harm
Jewellery
 x - an amulet of magic regeneration
Talismans
 c - a beast talisman
 d - a flux talisman
Wands
 A - a wand of digging (8)
 B - a wand of acid (6)
Scrolls
 f - 3 scrolls of fog {unknown}
 g - a scroll of immolation {unknown}
 h - 3 scrolls of identify
 i - 2 scrolls of enchant weapon {unknown}
 j - 2 scrolls of poison {unknown}
 k - 5 scrolls of enchant armour
 m - a scroll of butterflies {unknown}
 o - 3 scrolls of amnesia {unknown}
 s - 5 scrolls of teleportation
 v - a scroll of silence {unknown}
 w - 2 scrolls of fear {unknown}
 y - a scroll of vulnerability {unknown}
Potions
 n - 2 potions of brilliance
 p - a potion of degeneration {unknown}
 q - 2 potions of attraction
 r - 3 potions of enlightenment
 z - a potion of heal wounds {unknown}
 E - a potion of curing


   Skills:
 + Level 4.7 Fighting
 + Level 5.0 Dodging
 + Level 6.5 Unarmed Combat
 * Level 8.0 Shapeshifting


You had 8 spell levels left.
You didn't know any spells.
Your spell library contained the following spells:

 Spells                   Type           Power      Damage    Failure   Level
 Apportation              Tloc           0%         N/A       43%         1
 Jinxbite                 Hex            0%         N/A       56%         2
 Alistair's Intoxication  Alch           0%         N/A       100%        5


Dungeon Overview and Level Annotations

Branches:
Dungeon (7/15)             Temple (1/1) D:6

Altars:
Ashenzari
Cheibriados
Dithmenos
Fedhas
Gozag
Hepliaklqana
Kikubaaqudgha
Makhleb
Nemelex Xobeh
Okawaru
Qazlal
Ru
Trog
Vehumet
Wu Jian
Xom
Yredelemnul
Zin

Shops:
D:1 *   D:5 [   D:6 :


Innate Abilities, Weirdness & Mutations

You are a hulking beast.
Your limbs bulge with bestial killing power. (Slay +4)
You are too large for most types of armour.
You have claws for hands.
Your natural rate of healing is unusually fast.
You are covered in fur. (AC +1)
You have tough skin. (AC +1)


Message History

The killer bee is heavily wounded.
The killer bee closely misses you.
The killer bee stings you but does no damage.
The killer bee stings you!
You are poisoned.
The killer bee poisons you!
You mangle the killer bee!!
You kill the killer bee!
Cheibriados thoroughly appreciates the change of pace.
You feel sick. The killer bee closely misses you. The killer bee stings you.
You are more poisoned.
The killer bee poisons you!
You barely miss the killer bee.
You feel sick. The killer bee closely misses you.
The killer bee completely misses you.
You claw the killer bee!
The killer bee is heavily wounded.
You feel sick. The killer bee barely misses you.
You closely miss the killer bee.
The killer bee is heavily wounded.
You feel sick. The killer bee stings you.
* * * LOW HITPOINT WARNING * * *
The killer bee stings you.
* * * LOW HITPOINT WARNING * * *
You are more poisoned.
The killer bee poisons you!
You scratch the killer bee.
The killer bee is heavily wounded.
You feel very sick.
The killer bee stings you but does no damage.
The killer bee closely misses you.
You scratch the killer bee.
The killer bee is severely wounded.
You feel sick. The killer bee stings you.
* * * LOW HITPOINT WARNING * * *
The killer bee stings you.
* * * LOW HITPOINT WARNING * * *
You miss the killer bee.
The killer bee is severely wounded.
You feel sick. The killer bee stings you!
You die...

##S≈#...# ###...'.. #..)≈≈#
####..)≈###### #
###....#.≈##≈≈≈##≈#
#...####.≈≈≈≈≈≈≈≈≈#
###...##.........###
#.....##...........#
#.#...†h..###.....## #
##.#†[.y..##.......## # ...
###...................#.#
#...#...<..#.................
#....#..###......#.........
###..#..#........##.......#
####.............†.......
##....................
##.##...........#.#..


You could see a killer bee.

Vanquished Creatures
  Sigmund (D:2)
  2 steam dragons
  Menkaure (D:4)
  2 water moccasins
  A sky beast (D:6)
  2 ice beasts (D:6)
  3 orc warriors
  A black bear (D:5)
  3 ogres
  2 centaurs
  A phantom (D:4)
  A bullfrog (D:6)
  A kobold brigand (D:6)
  A killer bee (D:7)
  3 howler monkeys
  A jelly (D:4)
  2 bombardier beetles
  2 orc priests (D:7)
  A gnoll bouda (D:5)
  2 hounds
  Jessica (D:2)
  An iguana (D:4)
  2 orc wizards (D:6)
  5 gnolls (D:5)
  3 adders
  2 ufetubi (D:5)
  3 dart slugs
  3 ribbon worms
  9 orcs
  8 ball pythons
  8 bats
  2 endoplasms
  A giant cockroach (D:2)
  3 goblins
  6 hobgoblins
  4 jackals (D:1)
  A quokka (D:4)
  4 frilled lizards
  10 kobolds
  3 rats (D:1)
112 creatures vanquished.

Vanquished Creatures (others)
  An orc (D:7)
1 creature vanquished.

Grand Total: 113 creatures vanquished

Notes
Turn   | Place    | Note
-------+----------+-------------------------------------------
     0 | D:1      | MisterAzrael the Troll Shapeshifter began the quest for the
                  | Orb.
     0 | D:1      | Reached XP level 1. HP: 18/18 MP: 0/0
    29 | D:1      | Reached skill level 1 in Fighting
    55 | D:1      | Found Zenee's Assorted Antiques.
    78 | D:1      | Reached XP level 2. HP: 27/27 MP: 1/1
   647 | D:2      | Reached XP level 3. HP: 32/33 MP: 2/2
   672 | D:2      | Noticed Jessica
   681 | D:2      | Killed Jessica
   839 | D:2      | Reached XP level 4. HP: 37/41 MP: 3/3
  1151 | D:2      | Noticed Sigmund
  1155 | D:2      | Killed Sigmund
  1156 | D:2      | Reached skill level 4 in Shapeshifting
  1156 | D:2      | Reached XP level 5. HP: 49/49 MP: 4/4
  2004 | D:4      | Reached XP level 6. HP: 39/57 MP: 5/5
  2051 | D:4      | HP: 1/59 [centaur/arrow (8)]
  2170 | D:4      | Reached skill level 5 in Shapeshifting
  2261 | D:4      | Reached XP level 7. HP: 49/66 MP: 6/6
  2345 | D:4      | Noticed Menkaure
  2352 | D:4      | Killed Menkaure
  2442 | D:4      | Reached skill level 5 in Unarmed Combat
  2889 | D:5      | Entered Level 5 of the Dungeon
  2933 | D:5      | Reached skill level 6 in Shapeshifting
  2937 | D:5      | Reached XP level 8. HP: 44/75 MP: 7/7
  3352 | D:5      | Found Opro's Armour Shop.
  3624 | D:6      | Found Xiussygg's Vocational Training.
  3769 | D:6      | Reached skill level 7 in Shapeshifting
  3821 | D:6      | Found a staircase to the Ecumenical Temple.
  3832 | Temple   | Entered the Ecumenical Temple
  3881 | Temple   | Became a worshipper of Cheibriados the Contemplative
  3941 | D:6      | Found a sparkling altar of Nemelex Xobeh.
  3941 | D:6      | Found an ornate altar of the Wu Jian Council.
  4097 | D:6      | Reached XP level 9. HP: 84/84 MP: 8/8
  4103 | D:6      | Found an iron altar of Okawaru.
  4794 | D:7      | Reached skill level 5 in Dodging
  4794 | D:7      | Reached skill level 8 in Shapeshifting
  4797 | D:7      | HP: 3/85 [electric eel/bolt of electricity (13)]
  4834 | D:7      | Slain by a killer bee

Illustrated notes

Levels and vault maps discovered:
D:1:      lemuel_arrival_hallway, layout_basic, serial_shops, shop,
          minmay_split_cup_small
D:2:      layout_basic, uniq_sigmund, uniq_jessica
D:3:      layout_basic
D:4:      layout_basic, minmay_manual_mares, uniq_menkaure
D:5:      layout_basic, serial_shops, nicolae_square_shop
D:6:      layout_basic, mainiacjoe_overflow_brackets, jmf_multi_god_temple,
          minmay_temple_entry_grid, serial_aquarium, aquarium_bridge_long_joined
          [aquarium_subvault_window, aquarium_subvault_bridge,
          aquarium_subvault_bridge, aquarium_subvault_window,
          aquarium_subvault_window, aquarium_subvault_wall],
          aquarium_bridge_square [aquarium_subvault_balcony,
          aquarium_subvault_bridge, aquarium_subvault_balcony,
          aquarium_subvault_bridge], aquarium_window_2, aquarium_window_1,
          aquarium_window_2, aquarium_window_corridor_3, aquarium_view_2b,
          aquarium_pool_five, hangedman_decor_growths,
          eino_small_chamber_without_monster, nicolae_shop_vocational
D:7:      layout_cave_pools, serial_shops, nicolae_shop_industrial_runoff,
          nicolae_lakefront_shop, nicolae_inconvenience_store,
          nicolae_shop_tiny_waterfront, minmay_splitting_lines, lightli_minifort
Temple:   hellmonk_temple_of_storms

Skill      XL: |  1  2  3  4  5  6  7  8  9 |
---------------+----------------------------+-----
Fighting       | 1 2 3 4 |  4.7
Dodging        | 2 3 4 5 |  5.0
Unarmed Combat | 4 5 6 |  6.5
Shapeshifting  | 4 5 6 7 8 |  8.0

Action                     |  1- 3 |  4- 6 |  7- 9 || total
---------------------------+-------+-------+-------++-------
  Melee: Unarmed           |    65 |    78 |   172 ||   315
         Punch             |     1 |     1 |     8 ||    10
         Giant spiked club |       |       |     5 ||     5
  Throw: Dart              |       |       |     4 ||     4
    Use: Potion            |       |       |     7 ||     7
         Scroll            |       |       |     4 ||     4
   Stab: Sleeping          |       |     1 |       ||     1
 Armour: Animal skin       |    54 |    74 |   238 ||   366
         Skin              |       |       |     1 ||     1
  Dodge: Dodged            |    30 |    56 |   127 ||   213

Table legend: (Time is in decaauts)
 A = Elapsed time spent in this place.
 B = Non-inter-level travel time spent in this place.
 C = Inter-level travel time spent in this place.
 D = Time resting spent in this place.
 E = Time spent auto-exploring this place.
 F = Levels seen in this place.
 G = Mean time per level.
                   A        B        C        D        E       F      G
               +--------+--------+--------+--------+--------+-----+--------+
         Total |   5031 |   4864 |    167 |    577 |   3213 |   8 |  628.9 |
       Dungeon |   4953 |   4786 |    167 |    577 |   3213 |   7 |  707.6 |
        Temple |     78 |     78 |      0 |      0 |      0 |   1 |   78.0 |
               +--------+--------+--------+--------+--------+-----+--------+

Top non-repeatable levels by time:
     D:6: 1216 daAuts
     D:3: 821 daAuts
     D:4: 805 daAuts
     D:5: 735 daAuts
     D:2: 704 daAuts
     D:1: 549 daAuts
     D:7: 120 daAuts
  Temple: 78 daAuts
